 Dungeon Crawl Stone Soup version 0.19.5 (webtiles) character file.

255 Peloso the Shield-Bearer (level 5, 0/46 HPs)
             Began as a Minotaur Fighter on Mar 11, 2017.
             Slain by a slave (5 damage)
             ... led by Pikel
             ... on level 3 of the Dungeon.
             The game lasted 00:04:15 (2164 turns).

Peloso the Shield-Bearer (Minotaur Fighter)         Turns: 2164, Time: 00:04:16

Health: 0/46       AC: 12    Str: 26    XL:     5   Next: 91%
Magic:  4/4        EV:  6    Int:  5    God:
Gold:   84         SH: 10    Dex: 10    Spells: 0 memorised, 4 levels left

rFire  + . .     SeeInvis .     o - -1 short sword (curse)
rCold  . . .     Gourm    .     g - +3 chain mail {rF+}
rNeg   . . .     Faith    .     c - +0 shield
rPois  .         Spirit   .     (helmet restricted)
rElec  .         Reflect  .     (no cloak)
rCorr  .         Harm     .     (no gloves)
MR     .....                    (no boots)
Stlth  ..........               (no amulet)
                                (no ring)
                                m - -4 ring of slaying (curse)

@: mighty
A: retaliatory headbutt, horns 2
a: no special abilities


You were on level 3 of the Dungeon.
You were very hungry.

You visited 1 branch of the dungeon, and saw 4 of its levels.

You collected 84 gold pieces.

Inventory:

Hand Weapons
 a - a +1 long sword
 o - a cursed -1 short sword (weapon)
 s - the cursed +1 hand axe of Circularity {chop, rPois, unknown}
   (You found it on level 4 of the Dungeon)

   It inflicts extra damage upon your enemies.
   It protects you from poison.
   It has a curse placed upon it.
Armour
 c - a +0 shield (worn)
 g - a +3 chain mail of fire resistance (worn)
Jewellery
 m - a cursed -4 ring of slaying (left hand)
Scrolls
 e - a scroll of recharging
 i - 2 scrolls of teleportation
 l - a scroll of identify
Potions
 b - a potion of haste
 p - a potion of flight {unknown}
 q - a potion of cancellation {unknown}
 r - 3 potions of curing
Comestibles
 f - a bread ration
 h - 2 meat rations
 j - a royal jelly
 k - a beef jerky
 n - 5 fruits


   Skills:
 + Level 4.2 Fighting
 + Level 3.5(4.1) Short Blades
 + Level 3.2(4.1) Long Blades
 + Level 4.4 Armour
 + Level 1.2 Dodging
 + Level 5.1 Shields


You had 4 spell levels left.
You didn't know any spells.

Dungeon Overview and Level Annotations

Branches:
Dungeon (4/15)
 Temple: D:4-7

Altars:

Annotations:
D:3 Pikel


Innate Abilities, Weirdness & Mutations

You reflexively headbutt those who attack you in melee.
You have a pair of horns on your head.


Message History

You hit Pikel.
Pikel is heavily wounded.
The slave barely misses you. Pikel hits you but does no damage.
You closely miss Pikel.
Pikel is heavily wounded.
The slave hits you.
* * * LOW HITPOINT WARNING * * *
Pikel hits you with a whip of flaming.
* * * LOW HITPOINT WARNING * * *
You hit Pikel but do no damage. Your headbutt misses Pikel.
Pikel is heavily wounded.
You block the slave's attack.
You puncture Pikel! Your headbutt misses Pikel.
Pikel is severely wounded.
You block Pikel's attack. The slave hits you but does no damage.
Pikel hits you but does no damage.
You closely miss Pikel. Your headbutt misses Pikel.
Pikel is severely wounded.
The slave hits you.
You die...

...##.# #.############ #. ...##.#
#.# #......# #. ...##'######.#
#......# #.
..........##.#####......#########
.................'......+.<......
............(#รท..#......#......##
.............#.).######.+......+.
...##+####...#..K######.#......##
...##.# #...#..@....##+#......#
...##.########...p...#.........#
#####.##.....###.....#...#######
#.##.....###.....#...#
##.##.....##......#...######
####..##.....##....###........#
......##.....##....# #........###
####).##.....##....# #...>)...#..
......##.....##....# #........#..


You could see Pikel and a slave.

Vanquished Creatures
  Sigmund (D:3)
  Terence (D:2)
  An adder (D:3)
  2 oozes
  A dart slug (D:1)
  A leopard gecko (D:3)
  2 orcs (D:3)
  2 ball pythons
  A giant cockroach (D:1)
  7 goblins
  12 hobgoblins
  2 jackals (D:1)
  6 kobolds
  6 bats
  A frilled lizard (D:1)
  4 rats
50 creatures vanquished.

Notes
Turn   | Place    | Note
-------+----------+-------------------------------------------
     0 | D:1      | Peloso the Minotaur Fighter began the quest for the Orb.
     0 | D:1      | Reached XP level 1. HP: 19/19 MP: 0/0
   194 | D:1      | Reached XP level 2. HP: 27/27 MP: 1/1
   906 | D:2      | Reached XP level 3. HP: 33/33 MP: 2/2
   953 | D:2      | Noticed Terence
   994 | D:2      | Killed Terence
   994 | D:2      | Reached skill level 1 in Short Blades
   994 | D:2      | Reached skill level 4 in Shields
  1110 | D:2      | Reached XP level 4. HP: 40/40 MP: 3/3
  1494 | D:3      | Noticed Sigmund
  1511 | D:3      | Killed Sigmund
  1511 | D:3      | Reached skill level 1 in Dodging
  1511 | D:3      | Reached skill level 5 in Shields
  1511 | D:3      | Reached XP level 5. HP: 36/46 MP: 4/4
  2121 | D:4      | Noticed a slave
  2122 | D:4      | Noticed a slave
  2124 | D:4      | Noticed Pikel
  2125 | D:4      | Got a slimy hand axe
  2126 | D:4      | Noticed a slave
  2126 | D:4      | Noticed a slave
  2164 | D:3      | Slain by a slave

Skill      XL: |  1  2  3  4 |
---------------+-------------+-----
Armour         | 4 |  4.4
Long Blades    | 3 |  3.2
Fighting       | 4 |  4.2
Short Blades   | 1 3 |  3.5
Shields        | 4 5 |  5.1
Dodging        | 1 |  1.2

Action                   |  1- 3 |  4- 6 || total
-------------------------+-------+-------++-------
Melee: Long sword        |    26 |       ||    26
       Headbutt          |    23 |    13 ||    36
       Short sword       |    94 |    86 ||   180
  Use: Scroll            |     6 |     1 ||     7
       Potion            |     2 |     2 ||     4
  Eat: Chunk             |       |     2 ||     2
       Fruit             |       |     1 ||     1
Armor: Scale mail        |    50 |       ||    50
       Chain mail        |     9 |    40 ||    49
Dodge: Dodged            |    34 |    15 ||    49
Block: Shield            |    69 |    40 ||   109
       Rpst.: Long sword |     4 |       ||     4
